 Dungeon Crawl Stone Soup version 0.29.0-4-gdea44cf6ec (webtiles) character file.

Game seed: 17218319813841791442

1414 qw the Cleaver (level 8, -1/70 HPs)
             Began as a Minotaur Fighter on Sept 6, 2022.
             Was an Initiate of Ru.
             Slain by a gnoll
             ... wielding a +0 spear
             ... led by a gnoll sergeant
              (3 damage)
             ... on level 5 of the Dungeon.
             The game lasted 00:01:44 (4130 turns).

qw the Cleaver (Minotaur Fighter)                   Turns: 4130, Time: 00:01:44

Health: -1/70      AC: 10    Str: 22    XL:     8   Next: 43%
Magic:  7/7        EV: 10    Int:  5    God:    Ru [......]
Gold:   298        SH:  4    Dex: 11    Spells: 7/7 levels left

rFire   . . .      SeeInvis .   Y - +0 war axe
rCold   . . .      Faith    .   c - +0 buckler
rNeg    . . .      Spirit   .   b - +0 scale mail
rPois   .          Reflect  .   (helmet restricted)
rElec   .          Harm     .   l - +1 cloak
rCorr   +          Rampage  .   g - +0 pair of gloves
Will    .....                   (no boots)
Stlth   ..........              h - amulet of regeneration
HPRegen 1.01/turn               q - ring of resist corrosion
MPRegen 0.10/turn               (no ring)

@: lethally poisoned (-1 -> -5)
A: horns 2, retaliatory headbutt
a: Renounce Religion


You were on level 5 of the Dungeon.
You worshipped Ru.
Ru was noncommittal.
You visited 2 branches of the dungeon, and saw 6 of its levels.

You collected 298 gold pieces.


Innate Abilities, Weirdness & Mutations

You have a pair of horns on your head.
You reflexively headbutt those who attack you in melee.


   Skills:
 - Level 6.1 Fighting
 + Level 10.4 Axes
 - Level 3.1 Throwing
 - Level 3.6 Armour
 - Level 2.8 Dodging
 - Level 3.6 Shields


You had 7 spell levels left.
You didn't know any spells.
Your spell library was empty.

Inventory:

Hand Weapons
 o - a +0 flail
 Y - a +0 war axe (weapon)
Missiles
 i - 5 silver javelins (quivered)
 j - 3 boomerangs
Armour
 b - a +0 scale mail (worn)
 c - a +0 buckler (worn)
 g - a +0 pair of gloves (worn)
 l - a +1 cloak (worn)
 n - a +0 chain mail
Jewellery
 h - an amulet of regeneration (around neck)
 q - a ring of resist corrosion (left hand)
Scrolls
 a - 3 scrolls of identify
Potions
 d - 2 potions of might
 f - 5 potions of curing
 k - a potion of resistance
 m - a potion of cancellation
 p - a potion of haste

Dungeon Overview and Level Annotations

Branches:
Dungeon (5/15)             Temple (1/1) D:5

Altars:
Cheibriados
Gozag
Nemelex Xobeh
Ru
Sif Muna
Vehumet
Yredelemnul

Shops:
D:3 =

Annotations:
D:4 2 runed translucent doors, Crazy Yiuf; qw's ghost, amateur FoCA


Message History

The gnoll sergeant hits you but does no damage.
You block the gnoll's attack.
The gnoll hits you from afar with a +0 spear.
You feel very sick. You block the gnoll sergeant's attack.
The gnoll hits you but does no damage. x2
The gnoll barely misses you.
There is an open door, spattered with blood here.
Things that are here:
a +0 club; a +0 flail You closely miss the gnoll sergeant.
You headbutt the gnoll sergeant.
The gnoll sergeant is lightly wounded.
You hit the gnoll. x2
You feel very sick. The gnoll sergeant misses you.
The gnoll closely misses you. The gnoll misses you.
The gnoll closely misses you.
You barely miss the gnoll.
The gnoll is moderately wounded.
You hit the gnoll.
You hit the gnoll sergeant but do no damage.
You feel very sick.
The gnoll sergeant hits you with a +2 spear of venom!
You are more poisoned.
The gnoll hits you with a +0 spear. The gnoll barely misses you.
The gnoll closely misses you.
You hit the gnoll. You headbutt the gnoll.
The gnoll is severely wounded.
You hit the gnoll sergeant but do no damage.
You closely miss the gnoll.
You feel very sick.
The gnoll sergeant hits you but does no damage.
The gnoll closely misses you. You furiously retaliate!
You headbutt the gnoll!
You kill the gnoll!
The gnoll closely misses you. x2
You hit the gnoll.
You kill the gnoll!
The gnoll sergeant blocks your attack.
You feel very sick.
The gnoll sergeant hits you with a +2 spear of venom.
The gnoll hits you from afar with a +0 spear.
You die...

'..#.......###............##.....
##.'......................'......
####.........#............###....
<...#'##.#...#............# #....
##..#....#...#~~~~~~~~~...###....
#...##........~##~~~##~#####.....
.............#~#######~##....####
.7.7.........#~~#)..#~~#..####
..>..#..........@gg$#~~..##
.7.7.#........~~#)..#~~###
.....#........~#######~########
##########..).~##~~~##~.......#
#....~~~~~~~~~.......#
#...................(#
#....................#
#........#...........###
###..................#..


You could see a gnoll sergeant and a gnoll.

Vanquished Creatures
  Grinder (D:4)
  Menkaure (D:4)
  3 ogres (D:5)
  2 phantoms
  2 necrophages (D:5)
  A gnoll sergeant (D:5)
  2 hounds
  2 jellies
  2 orc wizards
  Ijyb (D:5)
  2 iguanas
  6 adders
  13 gnolls
  A worm (D:3)
  7 dart slugs
  9 orcs
  5 endoplasms
  5 giant cockroaches
  8 hobgoblins
  3 jackals (D:5)
  4 kobolds
  2 quokkas
  8 ball pythons
  6 bats
  3 frilled lizards
  10 goblins
  7 rats
116 creatures vanquished.

Vanquished Creatures (others)
  2 withered plants (D:4)
2 creatures vanquished.

Grand Total: 118 creatures vanquished

Notes
Turn   | Place    | Note
-------+----------+-------------------------------------------
     0 | D:1      | qw the Minotaur Fighter began the quest for the Orb.
     0 | D:1      | Reached XP level 1. HP: 19/19 MP: 0/0
     0 | D:1      | 0 ||| qw: Version: 0.1-a-107-g9ff403c
     0 | D:1      | 0 ||| qw: Game counter: 6083
     0 | D:1      | 0 ||| qw: Always use a shield: true
     0 | D:1      | 0 ||| qw: God list: Ru
     0 | D:1      | 0 ||| qw: Allow faded altars: false
     0 | D:1      | 0 ||| qw: Do Orc after D:15 true
     0 | D:1      | 0 ||| qw: Do second Lair branch before Depths: true
     0 | D:1      | 0 ||| qw: Lair rune preference: random
     0 | D:1      | 0 ||| qw: Plans: Normal
     0 | D:1      | 0 ||| PLANNING D:1-11
   203 | D:1      | Reached skill level 3 in Axes
   203 | D:1      | 203 ||| Stepping ~*~*~tactically~*~*~ (stealth).
   216 | D:1      | Reached XP level 2. HP: 21/26 MP: 1/1
   428 | D:1      | Found a faded altar of an unknown god.
   458 | D:1      | Reached skill level 4 in Axes
   689 | D:1      | Reached skill level 1 in Throwing
   689 | D:1      | Reached XP level 3. HP: 31/31 MP: 2/2
   811 | D:1      | 811 ||| UPGRADING to +0 cloak.
   816 | D:1      | 816 ||| UPGRADING to amulet of regeneration.
   821 | D:1      | 821 ||| READING 2 scrolls labelled DIDGHI JOFUVI.
   822 | D:1      | 822 ||| READING scroll labelled ZEPEXO INIM.
   901 | D:2      | 901 ||| Stepping ~*~*~tactically~*~*~ (hiding).
  1403 | D:2      | 1403 ||| READING scroll labelled CEWEOQ ONIESO.
  1418 | D:2      | 1418 ||| READING scroll labelled TAUGOI ROISCH.
  1422 | D:2      | 1422 ||| READING scroll labelled JOCRUICSED.
  1523 | D:2      | 1523 ||| DRINKING 2 emerald potions.
  1524 | D:2      | 1524 ||| READING 2 scrolls of identify.
  1524 | D:2      | 1524 ||| IDENTIFYING viscous red potion
  1525 | D:2      | 1525 ||| DROPPING potion of degeneration.
  1583 | D:3      | Reached skill level 5 in Axes
  1583 | D:3      | Reached XP level 4. HP: 39/39 MP: 3/3
  1584 | D:3      | Found Reuxap's Jewellery Shoppe.
  1606 | D:3      | 1606 ||| Stepping ~*~*~tactically~*~*~ (stealth).
  1607 | D:3      | 1607 ||| Stepping ~*~*~tactically~*~*~ (stealth).
  1620 | D:3      | Reached skill level 1 in Dodging
  1620 | D:3      | 1620 ||| FLEEEEING.
  1621 | D:3      | 1621 ||| FLEEEEING.
  1622 | D:3      | 1622 ||| FLEEEEING.
  1623 | D:3      | 1623 ||| FLEEEEING.
  1630 | D:3      | 1630 ||| STAIRDANCE
  1637 | D:2      | 1637 ||| DROPPING amulet of faith.
  1638 | D:2      | 1638 ||| DRINKING 2 dark potions.
  1670 | D:2      | 1670 ||| DROPPING potion of lignification.
  1676 | D:3      | 1676 ||| DROPPING +0 club.
  1752 | D:3      | Reached XP level 5. HP: 38/45 MP: 4/4
  1752 | D:3      | 1752 ||| DRINKING 3 potions of curing.
  1752 | D:3      | 1752 ||| (to cure confusion)
  1760 | D:3      | Reached skill level 6 in Axes
  1964 | D:3      | 1964 ||| SHOPLISTING +4 ring of evasion (432 gold, have
                  | 199).
  1964 | D:3      | 1964 ||| SHOPLISTING +4 ring of protection (432 gold, have
                  | 199).
  1964 | D:3      | 1964 ||| SHOPLISTING +4 ring of slaying (936 gold, have
                  | 199).
  1964 | D:3      | 1964 ||| SHOPLISTING +6 ring of dexterity (432 gold, have
                  | 199).
  1964 | D:3      | 1964 ||| SHOPLISTING ring of poison resistance (240 gold,
                  | have 199).
  1964 | D:3      | 1964 ||| SHOPLISTING ring of protection from cold (300
                  | gold, have 199).
  2124 | D:3      | 2124 ||| READING scroll labelled RAPTISCHAXO.
  2125 | D:3      | 2125 ||| DRINKING 2 purple potions.
  2126 | D:3      | 2126 ||| READING 4 scrolls of identify.
  2126 | D:3      | 2126 ||| IDENTIFYING green potion
  2127 | D:3      | 2127 ||| READING 3 scrolls of identify.
  2127 | D:3      | 2127 ||| IDENTIFYING pink potion
  2128 | D:3      | 2128 ||| READING 2 scrolls of identify.
  2128 | D:3      | 2128 ||| IDENTIFYING glowing silvery potion
  2129 | D:3      | 2129 ||| DROPPING potion of flight.
  2140 | D:4      | Noticed qw's ghost (amateur FoCA)
  2140 | D:4      | Found a runed translucent door.
  2157 | D:4      | 2157 ||| Stepping ~*~*~tactically~*~*~ (hiding).
  2161 | D:4      | 2161 ||| Stepping ~*~*~tactically~*~*~ (hiding).
  2197 | D:4      | 2197 ||| READING scroll of enchant armour.
  2197 | D:4      | 2197 ||| ENCHANTING +0 cloak.
  2293 | D:4      | 2293 ||| Stepping ~*~*~tactically~*~*~ (hiding).
  2405 | D:4      | Found a runed translucent door.
  2406 | D:4      | Noticed Crazy Yiuf
  2569 | D:4      | 2569 ||| Stepping ~*~*~tactically~*~*~ (hiding).
  2695 | D:4      | Reached skill level 7 in Axes
  2843 | D:4      | Noticed a phantom
  2853 | D:4      | Killed a phantom
  2854 | D:4      | Reached XP level 6. HP: 47/53 MP: 5/5
  2877 | D:4      | Noticed Grinder
  2883 | D:4      | Killed Grinder
  2884 | D:4      | Reached skill level 8 in Axes
  2927 | D:4      | Reached XP level 7. HP: 49/60 MP: 6/6
  2954 | D:4      | Found a sacrificial altar of Ru.
  3025 | D:4      | Noticed Menkaure
  3026 | D:4      | 3026 ||| Stepping ~*~*~tactically~*~*~ (hiding).
  3031 | D:4      | Killed Menkaure
  3032 | D:4      | Reached skill level 3 in Throwing
  3034 | D:4      | 3034 ||| FLEEEEING.
  3283 | D:4      | Found a radiant altar of Vehumet.
  3426 | D:4      | 3426 ||| UPGRADING to +0 pair of gloves.
  3431 | D:4      | 3431 ||| UPGRADING to ring of resist corrosion.
  3432 | D:4      | 3432 ||| READING 3 scrolls labelled WORIENI BE GYRPH.
  3433 | D:4      | 3433 ||| READING scroll labelled RERUAGEKYU.
  3434 | D:4      | 3434 ||| DROPPING 2 scrolls of butterflies.
  3472 | D:5      | Entered Level 5 of the Dungeon
  3589 | D:5      | Reached skill level 9 in Axes
  3607 | D:5      | Found an opulent altar of Gozag.
  3727 | D:5      | Found a staircase to the Ecumenical Temple.
  3729 | D:5      | 3729 ||| PLANNING TEMPLE
  3729 | D:5      | 3729 ||| READING scroll labelled PIESHIEZILE.
  3738 | Temple   | Entered the Ecumenical Temple
  3759 | D:4      | Became a worshipper of Ru the Awakened
  3760 | D:4      | 3760 ||| PLANNING D:1-11
  3789 | D:5      | Noticed Ijyb
  3800 | D:5      | Killed Ijyb
  3801 | D:5      | Reached XP level 8. HP: 54/68 MP: 7/7
  3871 | D:5      | 3871 ||| Stepping ~*~*~tactically~*~*~ (hiding).
  3886 | D:5      | Reached skill level 10 in Axes
  3888 | D:5      | 3888 ||| DROPPING +0 whip.
  3914 | D:5      | Found a sparkling altar of Nemelex Xobeh.
  3914 | D:5      | Found a snail-covered altar of Cheibriados.
  4028 | D:5      | Reached skill level 6 in Fighting
  4028 | D:5      | 4028 ||| Stepping ~*~*~tactically~*~*~ (hiding).
  4128 | D:5      | HP: 14/70 [gnoll sergeant/+2 spear of venom (9)]
  4130 | D:5      | HP: 5/70 [poisoned by a gnoll sergeant]
  4130 | D:5      | HP: 2/70 [gnoll sergeant/+2 spear of venom (3)]
  4130 | D:5      | Slain by a gnoll

Levels and vault maps discovered:
D:1:      minmay_arrival_stone_box, layout_basic,
          hellmonk_ecumenical_altar_heavens_door
D:2:      layout_basic, minmay_misc_feat_iff, minivault_23, skrybe_limestone_x
D:3:      layout_rooms, serial_shops, nicolae_shop_crystal, dk_vineyard_1,
          minivault_5
D:4:      layout_loops_corners, nicolae_overflow_hidden_temple,
          mainiacjoe_overflow_alcove_4, gammafunk_ghost_grave,
          minmay_goblin_outpost, uniq_crazy_yiuf_cottage, uniq_menkaure,
          uniq_grinder
D:5:      layout_basic, nicolae_gozag_cash_rules_everything_around_me,
          mainiacjoe_overflow_divided_tiny, minmay_temple_entry_trees,
          lightli_minifort, uniq_ijyb
Temple:   hc_temple_tempest_star

Skill      XL: |  1  2  3  4  5  6  7  8 |
---------------+-------------------------+-----
Axes           | 3 4 5 7 8 9 10 | 10.4
Throwing       | 1 3 |  3.1
Dodging        | 1 2 |  2.8
Fighting       | 4 5 6 |  6.1
Armour         | |  3.6
Shields        | |  3.6

Action                   |  1- 3 |  4- 6 |  7- 9 || total
-------------------------+-------+-------+-------++-------
Melee: War axe           |    74 |    71 |   100 ||   245
       Headbutt          |     5 |    10 |    16 ||    31
Throw: Javelin           |    30 |    23 |    13 ||    66
  Use: Scroll            |     6 |     5 |     3 ||    14
       Potion            |     1 |     3 |       ||     4
Armor: Scale mail        |    44 |    29 |    47 ||   120
Dodge: Dodged            |    41 |    22 |    52 ||   115
Block: Buckler           |    18 |    10 |    26 ||    54

Table legend:
 A = Non-vault XP
 B = Vault XP
 C = Vault XP percentage of total XP
 D = Non-vault monster count
 E = Vault monster count
 F = Vault count percentage of total count
                 A         B        C        D         E       F
            +---------+---------+-------+---------+---------+-------
      Total |    1483 |     551 |  27.1 |     104 |      12 |  10.3
            +---------+---------+-------+---------+---------+-------
        D:1 |      43 |       0 |   0.0 |      18 |       0 |   0.0
        D:2 |      44 |       0 |   0.0 |      18 |       0 |   0.0
        D:3 |     168 |       0 |   0.0 |      24 |       0 |   0.0
        D:4 |     275 |     460 |  62.6 |      22 |       7 |  24.1
        D:5 |     953 |      91 |   8.7 |      22 |       5 |  18.5
            +---------+---------+-------+---------+---------+-------
